 Dungeon Crawl Stone Soup version 0.25-a0-1073-gf4359a17dd (webtiles) character file.

Game seed: 853064757645505516, levelgen mode: deterministic

285503 Lovchig the Peltast (level 19, -1/184 HPs)
             Began as a Deep Dwarf Fighter on May 14, 2020.
             Was the Champion of Makhleb.
             Splashed by an acid blob's acid (7 damage)
             ... created by the Royal Jelly
             ... on level 5 of the Pits of Slime.
             The game lasted 01:56:05 (30140 turns).

Lovchig the Peltast (Deep Dwarf Fighter)           Turns: 30140, Time: 01:56:06

Health: -1/184     AC: -2    Str: 30    XL:     19   Next: 81%
Magic:  16/16 (7)  EV: 19    Int:  7    God:    Makhleb [******]
Gold:   3469       SH:  0    Dex: 15    Spells: 18/18 levels left

rFire    + + .     SeeInvis +   H - +8 broad axe (flame)
rCold    . . .     Gourm    .   O - +0 tower shield "Ziedac" {MP+9} (curse)
rNeg     + + .     Faith    .   c - +3 plate armour {rF+}
rPois    +         Spirit   .   J - +2 helmet {SInv}
rElec    +         Reflect  +   T - scarf {repulsion}
rCorr    .         Harm     .   i - +0 pair of gloves
MR       ++...     Rnd*Rage +   (no boots)
Stlth    ..........             l - amulet of reflection
HPRegen  0.00/turn              p - ring "Benkynib" {rElec rN+ Dex+3 Stlth-}
MPRegen  0.15/turn              t - ring "Raboeps" {rPois EV+4 Str+4}

@: confused, corroded, non-regenerating, repel missiles
A: damage resistance, heal wounds, talons 1, berserk 1, deformed body,
deterioration 1, dopey 1, fire resistance 1, negative energy resistance 1, sense
surroundings 3, weak 1, no potion heal 1, no regeneration
}: 2/15 runes: barnacled, gossamer
a: Heal Wounds, Minor Destruction, Lesser Servant of Makhleb, Major Destruction,
Greater Servant of Makhleb, Renounce Religion


You were on level 5 of the Pits of Slime.
You worshipped Makhleb.
Makhleb was exalted by your worship.
You were not hungry.

You visited 7 branches of the dungeon, and saw 37 of its levels.
You also visited: Ossuary, Gauntlet and Volcano.

You collected 3469 gold pieces.

Inventory:

Hand Weapons
 H - a +8 broad axe of flaming (weapon)
Armour
 c - a +3 plate armour of fire resistance (worn)
 i - a +0 pair of gloves (worn)
 J - a +2 helmet of see invisible (worn)
 K - a +0 hat
 O - the cursed +0 tower shield "Ziedac" (worn) {MP+9}
   (You found it in a Gauntlet)

   It affects your magic capacity (+9).
   It has a curse placed upon it.
 T - a scarf of repulsion (worn)
Jewellery
 l - an amulet of reflection (around neck)
 m - an uncursed ring of protection from fire
 p - the ring "Benkynib" (left hand) {rElec rN+ Dex+3 Stlth-}
   (You found it in a Gauntlet)

   [ring of attention]

   It affects your dexterity (+3).
   It insulates you from electricity.
   It protects you from negative energy.
   It makes you less stealthy.
 t - the ring "Raboeps" (right hand) {rPois EV+4 Str+4}
   (You took it off a minotaur in a Gauntlet)

   [ring of evasion]

   It affects your evasion (+4).
   It affects your strength (+4).
   It protects you from poison.
 y - an uncursed ring of see invisible
Wands
 a - a wand of disintegration (48)
 B - a wand of enslavement (18)
 D - a wand of digging (12)
 F - a wand of paralysis (6)
 I - a wand of clouds (3)
 Q - a wand of random effects (66)
 R - a wand of flame (42)
 S - a wand of iceblast (45)
 U - a wand of acid (11)
Scrolls
 b - 3 scrolls of magic mapping
 j - a scroll of summoning
 n - 15 scrolls of remove curse
 s - 2 scrolls of enchant weapon
 v - 4 scrolls of fear
 z - a scroll of identify
 C - 8 scrolls of teleportation
 E - 7 scrolls of fog
 M - 2 scrolls of silence
 N - 3 scrolls of blinking
Potions
 d - 4 potions of might
 e - 3 potions of flight
 g - 4 potions of magic
 h - 13 potions of heal wounds
 k - 6 potions of ambrosia
 o - 7 potions of lignification
 q - 3 potions of stabbing
 r - 9 potions of curing
 u - 2 potions of invisibility
 w - 4 potions of haste
 x - 9 potions of brilliance
 A - 6 potions of resistance
 G - 3 potions of cancellation
 P - 2 potions of berserk rage
Miscellaneous
 L - a tin of tremorstones (3/3)
Comestibles
 f - 70 rations


   Skills:
 * Level 14.9 Fighting
 * Level 20.1 Axes
 * Level 16.9 Armour
 * Level 13.4 Dodging
 * Level 20.3 Shields


You had 18 spell levels left.
You didn't know any spells.
Your spell library contained the following spells:

 Spells                   Type           Power        Failure   Level  Hunger
 Animate Skeleton         Necr           N/A          99%         1    ##.....
 Apportation              Tloc           #.....       99%         1    ##.....
 Corona                   Hex            #......      99%         1    ##.....
 Sandblast                Erth           #.....       99%         1    ##.....
 Summon Small Mammal      Summ           #...         99%         1    ##.....
 Call Imp                 Summ           #.......     99%         2    ###....
 Corpse Rot               Necr/Air       N/A          99%         2    ###....
 Passwall                 Tmut/Erth      #.......     99%         2    ###....
 Slow                     Hex            #.......     99%         2    ###....
 Sublimation of Blood     Necr           #.........   99%         2    ###....
 Swiftness                Chrm/Air       #.......     99%         2    ###....
 Call Canine Familiar     Summ           #.......     100%        3    ####...
 Gell's Gravitas          Tloc           #.........   100%        3    ####...
 Inner Flame              Hex/Fire       #.......     100%        3    ####...
 Ozocubu's Armour         Chrm/Ice       #.......     100%        3    ####...
 Portal Projectile        Hex/Tloc       #.....       100%        3    ####...
 Stone Arrow              Conj/Erth      #.....       100%        3    ####...
 Summon Guardian Golem    Hex/Summ       #.......     100%        3    ####...
 Cause Fear               Hex            #.........   100%        4    #####..
 Dispel Undead            Necr           #.......     100%        4    #####..
 Iskenderun's Mystic Bla  Conj/Tloc      #.......     100%        4    #####..
 Leda's Liquefaction      Hex/Erth       #.........   100%        4    #####..
 Petrify                  Tmut/Erth      #.......     100%        4    #####..
 Summon Ice Beast         Ice/Summ       #.......     100%        4    #####..
 Summon Lightning Spire   Summ/Air       #.......     100%        4    #####..
 Agony                    Necr           #.......     100%        5    ######.
 Excruciating Wounds      Chrm/Necr      #.........   100%        5    ######.
 Lee's Rapid Deconstruct  Erth           #.........   100%        5    ######.
 Silence                  Hex/Air        #.........   100%        5    ######.
 Yara's Violent Unravell  Hex/Tmut       #.........   100%        5    ######.
 Freezing Cloud           Conj/Ice/Air   #.........   100%        6    #######
 Ozocubu's Refrigeration  Ice            #.........   100%        6    #######
 Ring of Flames           Chrm/Fire      #.........   100%        7    #######
 Discord                  Hex            #.........   100%        8    #######
 Disjunction              Tloc           #.........   100%        8    #######


Dungeon Overview and Level Annotations

Branches:
Dungeon (15/15)            Temple (1/1) D:4            Lair (6/6) D:10
 Shoals (4/4) Lair:3       Spider (4/4) Lair:2        Slime (5/5) Lair:6
    Orc (2/2) D:10            Elf (0/3) Orc:2        Vaults (0/5) D:13
 Depths (0/5) D:15        Ossuary (visited)         Volcano (visited)
Gauntlet (visited)

Altars:
Ashenzari
Cheibriados
Dithmenos
Elyvilon
Fedhas
Gozag
Hepliaklqana
Kikubaaqudgha
Makhleb
Nemelex Xobeh
Okawaru
Qazlal
Ru
Sif Muna
Trog
Uskayaw
Vehumet
Wu Jian
Xom
Yredelemnul
Zin
The Shining One
Beogh

Shops:
D:11 *   Orc:2 *!?(   Shoals:1 [

Annotations:
Slime:5 Royal Jelly


Innate Abilities, Weirdness & Mutations

You are resistant to damage.
You can heal yourself by infusing magical energy.
You resist negative energy. (rN+)
You passively map a large area around you.
You do not regenerate.
You have sharp toenails.
You tend to lose your temper in combat.
Armour fits poorly on your strangely shaped body.
Your body sometimes deteriorates upon taking damage.
You are dopey. (Int -2)
Your flesh is heat resistant. (rF+)
You are weak. (Str -2)
Potions are less effective at restoring your health.


Message History

The acid blob is severely wounded.
You hit the death ooze but do no damage.
You hit the large slime creature but do no damage.
You hit the very large slime creature but do no damage.
You slash the very large slime creature!
You burn the very large slime creature.
You slice the very large slime creature!!
You burn the very large slime creature. You slash the large slime creature!
You burn the large slime creature. You slash the death ooze!
You burn the death ooze. The large slime creature hits you!!
The death ooze closely misses you. x2; The very large slime creature hits you!
The very large slime creature hits you!!!
* * * LOW HITPOINT WARNING * * *
The death ooze misses you. The death ooze hits you!!
* * * LOW HITPOINT WARNING * * *
The acid blob spits acid at you. The splash of acid hits you!!
* * * LOW HITPOINT WARNING * * *
The acid corrodes you!
You are splashed with acid!
You die...

### ## ###.### #
#.###...#.##
**#.#...J......# ##
.#....JJJ.....## .## ,
,......J@JG.....####..# ,
......JJJ........#...### *
.......G...............#
*, ,
.......................#
,, ,
.......G................ ,
,,
,....G...................
, ........................
, , ,
,,........................
, ,
.......................


You could see the Royal Jelly, an acid blob, a great orb of eyes, 3 very large
slime creatures, 2 large slime creatures, a shining eye, an eye of devastation,
a glowing orange brain and 2 death oozes.

Vanquished Creatures
  Bai Suzhen (Spider:3)
  Jorgrun (Spider:1)
  Asterion (Spider:1)
  21 acid blobs
  The ghost of Qorch the Phalangite, an adept MfBe of Trog (Shoals:3)
  Polyphemus (Shoals:3)
  Kirke (D:13)
  6 azure jellies
  An orc warlord (Orc:2)
  5 ghost moths
  The ghost of Zorot the Arsonist, a journeyman DrVM of Vehumet (Spider:1)
  4 emperor scorpions
  3 entropy weavers
  Nessos (D:13)
  A dire elephant (Lair:6)
  A minotaur (Gauntlet)
  2 spark wasps (Spider:4)
  3 merfolk javelineers
  An ettin (Orc:1)
  5 death oozes
  8 merfolk impalers
  A yaktaur captain (D:15)
  The ghost of TrebMcFLY the Martial Artist, a journeyman OpFi of Gozag (Lair:3)
  An ice dragon (Lair:5)
  2 great orbs of eyes
  Fannar (Lair:2)
  A rakshasa (D:15)
  An alligator snapping turtle (Shoals:3)
  8 hydras
  A death knight (D:15)
  5 merfolk avatars
  8 merfolk aquamancers
  2 satyrs (Shoals:3)
  Erica (Orc:1)
  3 catoblepae
  A deep troll shaman (Lair:6)
  4 centaur warriors
  7 two-headed ogres
  10 death yaks
  4 orc high priests (Orc:2)
  A tengu warrior (Shoals:1)
  Urug (D:10)
  3 spriggans
  2 thrashing horrors (Gauntlet)
  Nergalle (D:12)
  17 sea snakes
  5 skeletal warriors (D:13)
  3 sixfirhies (Gauntlet)
  An unseen horror (D:14)
  An orange crystal statue (Shoals:2)
  A glowing orange brain (Slime:2)
  A necromancer (D:13)
  Pikel (D:4)
  10 harpies
  4 orc knights
  7 orc sorcerers (Orc:2)
  22 orb spiders
  2 deep elf magi
  11 ugly things
  10 fauns
  42 wolf spiders
  7 shining eyes
  3 cyclopes
  17 manticores
  3 salamanders (Volcano)
  5 oklob plants (Lair:4)
  4 moths of wrath
  2 black mambas
  15 elephants (Lair:6)
  3 eyes of devastation (Slime:1)
  2 torpor snails
  4 merfolk sirens
  A molten gargoyle (Lair:6)
  6 centaur skeletons
  4 gargoyles
  8 spiny frogs
  9 water nymphs
  A spiny frog (shapeshifter) (D:13)
  A yaktaur (D:15)
  A tengu conjurer (Shoals:1)
  2 kobold demonologists (D:14)
  An efreet (D:14)
  16 demonic crawlers
  7 komodo dragons
  32 jumping spiders
  33 merfolk
  A queen bee (Spider:3)
  11 hornets
  14 trolls
  A polar bear (Lair:6)
  11 wind drakes
  Grinder (D:3)
  6 meliai
  67 slime creatures
  12 hippogriffs
  19 blink frogs
  8 snapping turtles
  A meliai zombie (D:14)
  10 dream sheep
  A vampire (D:13)
  29 tarantellas
  61 redbacks
  8 water elementals
  2 fire bats (Volcano)
  3 hogs (D:13)
  2 wyverns
  33 yaks
  A steam dragon (D:7)
  A golden eye (shapeshifter) (D:14)
  4 basilisks
  3 hungry ghosts
  6 vampire mosquitoes (D:13)
  A warg (shapeshifter) (D:10)
  An acid dragon (D:12)
  4 wargs
  A soldier ant (D:12)
  2 hell hounds (Volcano)
  8 porcupines
  11 water moccasins
  8 black bears
  52 orc warriors
  A swamp drake (D:10)
  2 ice beasts
  4 phantoms
  2 sky beasts
  A hornet zombie (D:14)
  2 eyes of draining
  2 slaves (D:4)
  3 small abominations (Gauntlet)
  A necrophage (D:11)
  A boggart (Lair:3)
  19 ogres
  45 wolves
  16 centaurs
  9 crocodiles
  A big kobold (D:10)
  A gnoll sergeant (D:9)
  18 bullfrogs
  2 wyvern skeletons
  8 jellies
  6 scorpions
  27 killer bees
  2 vampire bats (D:5)
  23 wights
  3 howler monkeys
  5 electric eels
  4 crimson imps
  3 centaur zombies
  6 hounds
  32 orc wizards
  2 bullfrog skeletons
  35 orc priests
  4 iguanas
  Jessica (D:2)
  14 worker ants
  A hound skeleton (D:4)
  8 mummies (Ossuary)
  A howler monkey zombie (D:7)
  8 gnolls
  24 adders
  3 shadow imps
  3 white imps (Lair:5)
  2 oozes
  6 worms
  3 dart slugs
  5 leopard geckos
  140 orcs
  6 bat skeletons (D:5)
  A bat zombie (D:5)
  6 giant cockroaches
  2 gnoll zombies (Ossuary)
  10 goblins
  7 hobgoblins
  12 kobolds
  4 quokkas
  A ball python (D:11)
  10 bats
  5 frilled lizards
  A hobgoblin zombie (Ossuary)
  3 kobold zombies (Ossuary)
  A leopard gecko zombie (D:8)
  2 orc zombies (Ossuary)
  A quokka skeleton (D:7)
  A quokka zombie (D:8)
  9 rats
  5 fungi
  26 plants
1490 creatures vanquished.

Vanquished Creatures (others)
  An emperor scorpion (Spider:4)
  2 jumping spiders
  A hornet (Spider:4)
  A redback (Spider:3)
  A tarantella (Spider:1)
  2 killer bees (Spider:3)
  2 orc priests
  An orc wizard (D:7)
  5 orcs (D:4)
  2 fungi
  17 plants
35 creatures vanquished.

Grand Total: 1525 creatures vanquished

Notes
Turn   | Place    | Note
-------+----------+-------------------------------------------
     0 | D:1      | Lovchig the Deep Dwarf Fighter began the quest for the Orb.
     0 | D:1      | Reached XP level 1. HP: 20/20 MP: 1/1
   138 | D:1      | Reached XP level 2. HP: 27/27 MP: 2/2
   356 | D:1      | Reached skill level 1 in Dodging
   356 | D:1      | Reached XP level 3. HP: 29/33 MP: 3/3
   751 | D:2      | Noticed Jessica
   765 | D:2      | Killed Jessica
   765 | D:2      | Reached XP level 4. HP: 19/42 MP: 4/4
   788 | D:2      | Identified Jessica's Papyrus of Malediction
  1222 | D:3      | Noticed Grinder
  1275 | D:3      | Paralysed by Grinder for 5 turns
  1292 | D:3      | Paralysed by Grinder for 4 turns
  1300 | D:3      | Killed Grinder
  1300 | D:3      | Reached XP level 5. HP: 23/49 MP: 5/5
  1300 | D:3      | Reached XP level 6. HP: 26/56 MP: 6/6
  1884 | D:3      | Reached skill level 5 in Axes
  2047 | D:4      | Found a staircase to the Ecumenical Temple.
  2051 | Temple   | Entered the Ecumenical Temple
  2205 | D:4      | Noticed a slave
  2205 | D:4      | Noticed a slave
  2205 | D:4      | Noticed a slave
  2206 | D:4      | Noticed Pikel
  2208 | D:4      | Noticed a slave
  2228 | D:4      | Killed a slave
  2233 | D:4      | Killed a slave
  2235 | D:4      | Killed Pikel
  2235 | D:4      | Reached skill level 5 in Armour
  2235 | D:4      | Reached skill level 5 in Shields
  2235 | D:4      | Reached XP level 7. HP: 48/64 MP: 5/5
  2397 | D:4      | Reached XP level 8. HP: 42/72 MP: 6/6
  2580 | D:4      | Found a sand-covered staircase.
  2584 | Ossuary  | Entered an ossuary
  3208 | D:5      | Entered Level 5 of the Dungeon
  3611 | D:5      | Found an ancient bone altar of Kikubaaqudgha.
  3818 | D:5      | Gained mutation: Your muscles are strong. (Str +2) [potion
                  | of mutation]
  3818 | D:5      | Gained mutation: You tend to lose your temper in combat.
                  | [potion of mutation]
  3818 | D:5      | Gained mutation: Your mind is acute. (Int +2) [potion of
                  | mutation]
  4171 | D:6      | Gained mutation: You passively map the area around you.
                  | [Deep Dwarf growth]
  4171 | D:6      | Reached XP level 9. HP: 23/80 MP: 5/5
  4424 | D:6      | Reached skill level 5 in Fighting
  4611 | D:6      | Found an opulent altar of Gozag.
  4612 | D:6      | Found a sparkling altar of Nemelex Xobeh.
  5241 | D:7      | HP: 2/81 [something (3)]
  5409 | D:7      | Reached skill level 5 in Dodging
  5842 | D:7      | Identified a scroll of acquirement
  5842 | D:7      | Identified the +8 battleaxe of Agrom {vamp, +Rage Str-3
                  | Dex+2} (You acquired it on level 7 of the Dungeon)
  5966 | D:8      | Found a burning altar of Makhleb.
  5966 | D:8      | Noticed a cacodemon
  5970 | D:8      | Found a glowing silver altar of Zin.
  5970 | D:8      | Noticed an angel
  5975 | D:8      | Became a worshipper of Makhleb the Destroyer
  5989 | D:8      | Reached skill level 10 in Axes
  6081 | D:8      | Reached XP level 10. HP: 23/88 MP: 4/4
  6202 | D:8      | Noticed a two-headed ogre
  6222 | D:8      | Killed a two-headed ogre
  6308 | D:8      | Found a white marble altar of Elyvilon.
  6498 | D:8      | You fall into a shaft and drop 1 floor!
  6552 | D:9      | Reached * piety under Makhleb
  6919 | D:9      | Reached ** piety under Makhleb
  7220 | D:10     | Entered Level 10 of the Dungeon
  7220 | D:10     | Found a staircase to the Lair.
  7332 | D:10     | Reached XP level 11. HP: 42/98 MP: 3/3
  7542 | D:10     | Noticed Urug
  7565 | D:10     | Killed Urug
  7644 | D:10     | Reached *** piety under Makhleb
  7725 | D:10     | Found a staircase to the Orcish Mines.
  7899 | D:10     | Noticed a white ugly thing
  7907 | D:10     | Noticed a harpy
  7911 | D:10     | a harpy changed into a blink frog
  7921 | D:10     | Killed a white ugly thing
  8034 | D:10     | Lost mutation: Your mind is acute. (Int +2) [potion of
                  | mutation]
  8034 | D:10     | Lost mutation: Your muscles are strong. (Str +2) [potion of
                  | mutation]
  8034 | D:10     | Lost mutation: You tend to lose your temper in combat.
                  | [potion of mutation]
  8034 | D:10     | Gained mutation: You have a pair of small horns on your
                  | head. [potion of mutation]
  8034 | D:10     | Gained mutation: You are frail. (-10% HP) [potion of
                  | mutation]
  8034 | D:10     | Gained mutation: You have large cloven feet. [potion of
                  | mutation]
  8363 | D:11     | Noticed a two-headed ogre
  8363 | D:11     | Noticed a cyan ugly thing
  8374 | D:11     | Killed a two-headed ogre
  8381 | D:11     | Killed a cyan ugly thing
  8497 | D:11     | Reached skill level 10 in Armour
  8606 | D:11     | Reached **** piety under Makhleb
  8899 | D:11     | Noticed a two-headed ogre
  8908 | D:11     | Killed a two-headed ogre
  8990 | D:11     | Found Miat's Serpentskin Sales.
  8996 | D:11     | Reached skill level 10 in Shields
  9035 | D:11     | Noticed a cyan ugly thing
  9051 | D:11     | Killed a cyan ugly thing
  9289 | D:11     | Lost mutation: You have large cloven feet. [potion of
                  | mutation]
  9289 | D:11     | Lost mutation: You are frail. (-10% HP) [potion of
                  | mutation]
  9289 | D:11     | Lost mutation: You have a pair of small horns on your head.
                  | [potion of mutation]
  9289 | D:11     | Gained mutation: Your spells are a little easier to cast,
                  | but a little less powerful. [potion of mutation]
  9289 | D:11     | Gained mutation: Your muscles are strong. (Str +2) [potion
                  | of mutation]
  9361 | D:12     | Noticed Nergalle
  9362 | D:12     | Reached XP level 12. HP: 63/109 MP: 4/4
  9386 | D:12     | Killed Nergalle
  9521 | D:12     | Reached ***** piety under Makhleb
 10076 | D:12     | Found the ring of Phasing {EV+8}
 10221 | D:13     | Noticed a centaur warrior
 10234 | D:13     | Killed a centaur warrior
 10414 | D:13     | Found a gate to the Vaults.
 10432 | D:13     | Noticed Nessos
 10498 | D:13     | Killed Nessos
 10879 | D:13     | Noticed Kirke
 10894 | D:13     | Noticed a sphinx
 10901 | D:13     | Paralysed by a sphinx for 4 turns
 10910 | D:13     | Killed Kirke
 10978 | D:13     | Reached XP level 13. HP: 97/118 MP: 3/3
 11082 | D:13     | Reached skill level 15 in Axes
 11424 | D:14     | Found a shadowy altar of Dithmenos.
 11910 | D:15     | Entered Level 15 of the Dungeon
 12090 | D:15     | Lost mutation: Your spells are a little easier to cast, but
                  | a little less powerful. [potion of mutation]
 12090 | D:15     | Lost mutation: Your muscles are strong. (Str +2) [potion of
                  | mutation]
 12090 | D:15     | Gained mutation: Armour fits poorly on your strangely
                  | shaped body. [potion of mutation]
 12090 | D:15     | Gained mutation: Your body sometimes deteriorates upon
                  | taking damage. [potion of mutation]
 12090 | D:15     | Gained mutation: You are frail. (-10% HP) [potion of
                  | mutation]
 12090 | D:15     | Gained mutation: You are resistant to hostile enchantments.
                  | (MR+) [potion of mutation]
 12238 | D:15     | Lost mutation: Your body sometimes deteriorates upon taking
                  | damage. [potion of mutation]
 12238 | D:15     | Lost mutation: Armour fits poorly on your strangely shaped
                  | body. [potion of mutation]
 12238 | D:15     | Gained mutation: You passively map a large area around you.
                  | [potion of mutation]
 12238 | D:15     | Gained mutation: You are agile. (Dex +2) [potion of
                  | mutation]
 12238 | D:15     | Gained mutation: Your flesh is heat resistant. (rF+)
                  | [potion of mutation]
 12256 | D:15     | Reached ****** piety under Makhleb
 12436 | D:15     | Gained mutation: You resist negative energy. (rN+) [Deep
                  | Dwarf growth]
 12436 | D:15     | Reached XP level 14. HP: 73/116 MP: 3/3
 12806 | D:15     | Found a staircase to the Depths.
 13135 | Orc:1    | Entered Level 1 of the Orcish Mines
 13145 | Orc:1    | Noticed Erica
 13158 | Orc:1    | Killed Erica
 13622 | Orc:2    | Entered Level 2 of the Orcish Mines
 14134 | Orc:2    | Reached skill level 10 in Fighting
 14262 | Orc:2    | Found a staircase to the Elven Halls.
 14414 | Orc:2    | Noticed an orc warlord
 14428 | Orc:2    | Found a roughly hewn altar of Beogh.
 14441 | Orc:2    | Killed an orc warlord
 14500 | Orc:2    | Found Oni Baergh's Antique Weapon Shop.
 14502 | Orc:2    | Gained mutation: You are dopey. (Int -2) [a neqoxec]
 14572 | Orc:2    | Found Yfosam's Magic Scroll Shoppe.
 14839 | Orc:2    | Found a roughly hewn altar of Beogh.
 14946 | Orc:2    | Found Kiol's General Store.
 14964 | Orc:2    | Found Kanik's Distillery.
 15297 | Lair:1   | Entered Level 1 of the Lair of Beasts
 15924 | Lair:2   | Reached skill level 10 in Dodging
 15942 | Lair:2   | Found a dark tunnel.
 16008 | Volcano  | Entered a volcano
 16422 | Lair:2   | Reached XP level 15. HP: 115/126 MP: 4/4
 16655 | Lair:2   | Lost mutation: You are frail. (-10% HP) [potion of
                  | mutation]
 16655 | Lair:2   | Lost mutation: You are agile. (Dex +2) [potion of mutation]
 16655 | Lair:2   | Lost mutation: You are resistant to hostile enchantments.
                  | (MR+) [potion of mutation]
 16655 | Lair:2   | Gained mutation: You have sharp toenails. [potion of
                  | mutation]
 16655 | Lair:2   | Gained mutation: You are robust. (+10% HP) [potion of
                  | mutation]
 16655 | Lair:2   | Lost mutation: You are dopey. (Int -2) [potion of mutation]
 16967 | Lair:2   | Found a hole to the Spider Nest.
 16995 | Lair:2   | Noticed Fannar
 17007 | Lair:2   | Killed Fannar
 17365 | Lair:3   | Found a staircase to the Shoals.
 17798 | Lair:3   | Found a runed translucent door.
 17824 | Lair:3   | Noticed TrebMcFLY's ghost (journeyman OpFi)
 17961 | Lair:3   | Identified the +6 trident of Wounding {vorpal, +Blink}
 18081 | Lair:3   | Killed TrebMcFLY's ghost
 18516 | Lair:4   | You fall into a shaft and drop 1 floor!
 19762 | Lair:6   | Entered Level 6 of the Lair of Beasts
 19858 | Lair:6   | Found a gate leading to a gauntlet.
 19867 | Gauntlet | Entered a Gauntlet
 19867 | Gauntlet | Found a transporter.
 19867 | Gauntlet | Found a transporter.
 19878 | Gauntlet | Found a runed translucent door.
 19881 | Gauntlet | Found a transporter.
 19897 | Gauntlet | Found a transporter.
 19897 | Gauntlet | Found a transporter.
 19897 | Gauntlet | Found a transporter.
 19899 | Gauntlet | Found a transporter.
 19899 | Gauntlet | Found a transporter.
 19910 | Gauntlet | Found a transporter.
 19926 | Gauntlet | Found a transporter.
 19935 | Gauntlet | Found a runed translucent gate.
 19936 | Gauntlet | Found a transporter.
 19936 | Gauntlet | Found a runed translucent gate.
 19937 | Gauntlet | Found a runed translucent gate.
 19950 | Gauntlet | Found a transporter.
 19984 | Gauntlet | Found a transporter.
 19995 | Gauntlet | Found a transporter.
 20067 | Gauntlet | Found the +8 mithril axe "Arga" {speed, MR+}
 20183 | Gauntlet | Got a heavily runed platinum ring
 20193 | Gauntlet | Identified the ring "Benkynib" {rElec rN+ Dex+3 Stlth-}
                  | (You found it in a Gauntlet)
 20206 | Gauntlet | Identified the +1 pearl dragon scales "Zirchonye" {rN+
                  | Slay+2}
 20206 | Gauntlet | Identified the ring "Raboeps" {rPois EV+4 Str+4}
 20239 | Gauntlet | Got a fine golden ring
 20245 | Gauntlet | Identified the ring "Hamotoga" {rPois rC+ MR- Int+2 Stlth+}
                  | (You found it in a Gauntlet)
 20253 | Gauntlet | Got a pitted tower shield
 20264 | Gauntlet | Identified the cursed +0 tower shield "Ziedac" {MP+9} (You
                  | found it in a Gauntlet)
 20267 | Gauntlet | Identified the Grimoire of Protection
 20278 | Gauntlet | Identified the Papyrus of Displacement
 20349 | Lair:6   | Reached skill level 15 in Armour
 20603 | Lair:6   | Reached skill level 15 in Shields
 20628 | Lair:6   | Reached XP level 16. HP: 150/167 MP: 5/5
 20658 | Lair:6   | Identified the Almanac of Freezing Dark Secrets
 20866 | Lair:6   | Found a staircase to the Slime Pits.
 21366 | Spider:1 | Entered Level 1 of the Spider Nest
 21540 | Spider:1 | Noticed Asterion
 21552 | Spider:1 | Killed Asterion
 22025 | Spider:1 | Found a runed translucent gate.
 22025 | Spider:1 | Found a runed translucent gate.
 22025 | Spider:1 | Found a runed translucent gate.
 22027 | Spider:1 | Noticed Zorot's ghost (journeyman DrVM)
 22043 | Spider:1 | Killed Zorot's ghost
 22230 | Spider:1 | Noticed Jorgrun
 22240 | Spider:1 | Killed Jorgrun
 23191 | Spider:3 | Noticed Bai Suzhen
 23220 | Spider:3 | Killed Bai Suzhen
 23220 | Spider:3 | Reached XP level 17. HP: 132/178 MP: 6/6
 23891 | Spider:4 | Entered Level 4 of the Spider Nest
 24944 | Spider:4 | Got a gossamer rune of Zot
 25270 | Shoals:1 | Entered Level 1 of the Shoals
 25319 | Shoals:1 | Got a sparkling bone ring
 25320 | Shoals:1 | Identified the ring "Ymu Efo" {+Fly rN+ MP+9 Int-3} (You
                  | found it on level 1 of the Shoals)
 25575 | Shoals:1 | Found Joss's Antique Armour Emporium.
 25937 | Shoals:2 | Mutation became permanent: You passively map the area
                  | around you. [Deep Dwarf growth]
 25937 | Shoals:2 | Gained mutation: You passively map a large area around you.
                  | [Deep Dwarf growth]
 25937 | Shoals:2 | Reached XP level 18. HP: 189/189 MP: 7/7
 26750 | Shoals:3 | Noticed Qorch's ghost (adept MfBe)
 26755 | Shoals:3 | Found a transporter.
 26767 | Shoals:3 | Noticed Polyphemus
 26790 | Shoals:3 | Killed Polyphemus
 26867 | Shoals:3 | Found a transporter.
 26938 | Shoals:3 | Killed Qorch's ghost
 27269 | Shoals:4 | Entered Level 4 of the Shoals
 27450 | Shoals:4 | Got a barnacled rune of Zot
 28309 | Slime:1  | Entered Level 1 of the Pits of Slime
 28556 | Slime:2  | Reached XP level 19. HP: 200/200 MP: 8/8
 28564 | Slime:2  | Gained mutation: You are dopey. (Int -2) [a shining eye]
 28566 | Slime:2  | Gained mutation: Your body sometimes deteriorates upon
                  | taking damage. [a shining eye]
 28575 | Slime:2  | Gained mutation: Armour fits poorly on your strangely
                  | shaped body. [a shining eye]
 29123 | Slime:2  | Lost mutation: You are robust. (+10% HP) [a shining eye]
 29742 | Slime:4  | Gained mutation: You are weak. (Str -2) [a shining eye]
 29984 | Slime:5  | Entered Level 5 of the Pits of Slime
 29989 | Slime:5  | Gained mutation: Potions are less effective at restoring
                  | your health. [a shining eye]
 30022 | Slime:5  | Noticed the Royal Jelly
 30138 | Slime:5  | Gained mutation: You tend to lose your temper in combat. [a
                  | shining eye]
 30140 | Slime:5  | HP: 6/184 [acid blob/splash of acid[the Royal Jelly] (19)]
 30140 | Slime:5  | Splashed by an acid blob's acid

Illustrated notes

Levels and vault maps discovered:
D:1:      ncdulo_smallfort, layout_basic
D:2:      layout_basic, first_ration, kennysheep_jessica_study
D:3:      layout_loops_corners, minmay_ruptured, uniq_grinder
D:4:      layout_layer_cave, minmay_temple_entry_sparse_star, enter_ossuary_5,
          serial_bayou, serial_bayou_pond_a, serial_bayou_pond_d,
          serial_bayou_pond_e, serial_bayou_pond_a, uniq_pikel
D:5:      layout_basic, kennysheep_vampire_church
D:6:      layout_gridville, grunt_temple_overflow_opulence,
          serial_bayou_lagoon_a, st_stairs_13, minivault_10,
          mrwooster_statue_mirror
D:7:      layout_basic, grunt_ogre_cave, kennysheep_opposing_triangles
D:8:      layout_gridville, grunt_temple_overflow_order_and_chaos_2,
          elyvilon_altar_1
D:9:      layout_irregular_city
D:10:     layout_long_grid, erik_lair_orcish_takeover, erik_orc_1,
          dk_vineyard_1, minmay_mirror_moons_of_madness, uniq_urug
D:11:     layout_roguey [special_room_orc], guppyfry_shop_venom
D:12:     layout_roguey, uniq_nergalle
D:13:     layout_irregular_city, david_vaults_1, uniq_nessos, uniq_kirke
D:14:     layout_roguey, corexii_leaking_fountain, st_stairs_12,
          grunt_dithmenos_smoke
D:15:     grunt_enter_depths_snipers, layout_loops_ring,
          hangedman_decor_diamond_cutter, minmay_fractal_squares_gapless_5
Temple:   nicolae_temple_elliptical
Lair:1:   layout_cave_pods, st_stairs_7
Lair:2:   layout_loops_ring, nicolae_spider_entry_non_spiders,
          nicolae_volcano_entry_hallway, uniq_fannar
Lair:3:   layout_regular_city, shoals_dummy_entry, ebering_ghost_funeral_grove
Lair:4:   layout_loops_ring, grunt_forest_large_clearings, grunt_megastairs_2,
          serial_bayou_shore_b, minmay_lair_oklob_chamber
Lair:5:   layout_regular_city, ldierk_geyser, minivault_19,
          bobbens_ice_dragon_lair
Lair:6:   grunt_lair_end_beastmaster, layout_gridlike,
          minmay_slime_entry_pillars, gauntlet_entry_generic,
          infiniplex_staircase_pool
Shoals:1: layout_shoals, serial_shops, shop, kb_tengu_band
Shoals:2: layout_shoals, dpeg_stationary_puzzle
Shoals:3: layout_shoals, gammafunk_ghost_arena, uniq_polyphemus
Shoals:4: shoals_end_simple, layout_shoals, nicolae_shoals_aquamancer_cove
Spider:1: layout_spider_delve, ebering_ghost_rock_garden, uniq_jorgrun,
          uniq_asterion
Spider:2: layout_spider_delve, hangedman_spider_tarantella_strand
Spider:3: layout_spider_delve, special_room [special_room_bee],
          nicolae_orb_island, uniq_bai_suzhen
Spider:4: guppyfry_spider_rune
Slime:1:  layout_caves
Slime:2:  layout_caves, nicolae_slime_round_cave
Slime:3:  layout_caves
Slime:4:  layout_caves
Slime:5
Orc:1:    layout_caves, uniq_erica
Orc:2:    pubby_orc_utopia

Skill      XL: |  1  2  3  4  5  6  7  8  9 10 11 12 13 14 15 16 17 18 19 |
---------------+----------------------------------------------------------+-----
Dodging        | 1 2 3 4 5 6 7 8 9 10 11 12 13 | 13.4
Fighting       | 3 4 5 6 7 8 9 10 11 12 13 14 | 14.9
Axes           | 3 4 6 8 10 11 13 14 16 17 18 19 20 | 20.1
Armour         | 4 5 7 9 10 11 12 14 15 16 | 16.9
Shields        | 4 5 6 7 8 10 11 12 13 15 16 18 19 20 | 20.3

Action                   |  1- 3 |  4- 6 |  7- 9 | 10-12 | 13-15 | 16-18 | 19-21 || total
-------------------------+-------+-------+-------+-------+-------+-------+-------++-------
Melee: War axe           |    97 |   234 |   437 |  1004 |  1313 |       |       ||  3085
       Kick              |       |       |       |    81 |   152 |   552 |   139 ||   924
       Headbutt          |       |       |       |    49 |       |       |       ||    49
       Scimitar          |       |       |       |       |    34 |       |       ||    34
       Broad axe         |       |       |       |       |   128 |  1325 |   239 ||  1692
 Abil: Heal Wounds       |       |     7 |    10 |    19 |    10 |       |     5 ||    51
  Use: Scroll            |     2 |     7 |    14 |     4 |    22 |    12 |     2 ||    63
       Potion            |       |       |     1 |     2 |     4 |       |     1 ||     8
 Stab: Distracted        |       |     1 |       |       |       |       |       ||     1
       Confused          |       |       |       |     2 |       |       |       ||     2
       Petrified         |       |       |       |       |     1 |       |       ||     1
  Eat: Chunk             |       |     5 |    14 |    18 |    34 |    27 |       ||    98
       Ration            |       |       |     1 |       |       |       |     2 ||     3
Armor: Scale mail        |    71 |   171 |   100 |       |       |       |       ||   342
       Chain mail        |       |       |    81 |   190 |       |       |       ||   271
       Plate armour      |       |       |       |   377 |   400 |   502 |    50 ||  1329
Dodge: Dodged            |    38 |   105 |   167 |   511 |   768 |   783 |   126 ||  2498
       Repelled          |       |       |       |       |     8 |    23 |     8 ||    39
Block: Kite shield       |    74 |   193 |   256 |   772 |   860 |       |       ||  2155
       Tower shield      |       |       |       |       |   121 |  2193 |   300 ||  2614
       Reflection        |       |       |       |       |     2 |    93 |    13 ||   108
       Rpst.: Scimitar   |       |       |       |       |     5 |       |       ||     5

Table legend:
 A = Non-vault XP
 B = Vault XP
 C = Vault XP percentage of total XP
 D = Non-vault monster count
 E = Vault monster count
 F = Vault count percentage of total count
                 A         B        C        D         E       F
            +---------+---------+-------+---------+---------+-------
      Total |  280886 |  175373 |  38.4 |     960 |     500 |  34.2
            +---------+---------+-------+---------+---------+-------
        D:1 |      55 |       0 |   0.0 |      32 |       0 |   0.0
        D:2 |      29 |      39 |  57.4 |      12 |       2 |  14.3
        D:3 |     163 |     296 |  64.5 |      20 |       5 |  20.0
        D:4 |     340 |     629 |  64.9 |      16 |       1 |   5.9
        D:5 |     353 |     128 |  26.6 |      12 |       9 |  42.9
        D:6 |    1473 |       0 |   0.0 |      24 |       0 |   0.0
        D:7 |     481 |     415 |  46.3 |      14 |       4 |  22.2
        D:8 |    2610 |       0 |   0.0 |      33 |       0 |   0.0
        D:9 |    2576 |       0 |   0.0 |      33 |       0 |   0.0
       D:10 |    2182 |    2933 |  57.3 |      36 |      33 |  47.8
       D:11 |    5705 |    1209 |  17.5 |      39 |      27 |  40.9
       D:12 |    4114 |     781 |  16.0 |      41 |       1 |   2.4
       D:13 |   10722 |    5492 |  33.9 |      38 |       9 |  19.1
       D:14 |   10367 |     395 |   3.7 |      34 |       2 |   5.6
       D:15 |   12077 |    3707 |  23.5 |      33 |       6 |  15.4
     Lair:1 |    3376 |      88 |   2.5 |      10 |       1 |   9.1
     Lair:2 |    7199 |    1300 |  15.3 |      30 |       9 |  23.1
     Lair:3 |    5643 |    2427 |  30.1 |      21 |       6 |  22.2
     Lair:4 |    1481 |    6417 |  81.2 |       6 |      36 |  85.7
     Lair:5 |    4543 |    1051 |  18.8 |      14 |       4 |  22.2
     Lair:6 |   12277 |   11912 |  49.2 |      35 |      25 |  41.7
   Shoals:1 |    9650 |    1196 |  11.0 |      19 |       2 |   9.5
   Shoals:2 |   16011 |     715 |   4.3 |      36 |       1 |   2.7
   Shoals:3 |   17315 |   14145 |  45.0 |      32 |      15 |  31.9
   Shoals:4 |   14053 |   20614 |  59.5 |      30 |      36 |  54.5
   Spider:1 |   16419 |    7281 |  30.7 |      43 |       3 |   6.5
   Spider:2 |   20284 |     210 |   1.0 |      57 |       1 |   1.7
   Spider:3 |   19353 |    9785 |  33.6 |      48 |      28 |  36.8
   Spider:4 |   17064 |   23036 |  57.4 |      43 |      41 |  48.8
    Slime:1 |   14487 |       0 |   0.0 |      30 |       0 |   0.0
    Slime:2 |   16694 |   12521 |  42.9 |      22 |       8 |  26.7
    Slime:3 |   12198 |       0 |   0.0 |       6 |       0 |   0.0
    Slime:4 |    8759 |    2578 |  22.7 |      15 |       1 |   6.2
    Slime:5 |    8094 |   12851 |  61.4 |      20 |       7 |  25.9
      Orc:1 |    2739 |     912 |  25.0 |      26 |       1 |   3.7
      Orc:2 |       0 |   19634 | 100.0 |       0 |     139 | 100.0
    Ossuary |       0 |     151 | 100.0 |       0 |      16 | 100.0
    Volcano |       0 |    3288 | 100.0 |       0 |       9 | 100.0
   Gauntlet |       0 |    7237 | 100.0 |       0 |      12 | 100.0
            +---------+---------+-------+---------+---------+-------
